Map: Dusk Towers

Players

Elazer

  • Race: Zerg Zerg
  • League: Grandmaster

LiquidMaNa (MaNa) - Winner!

  • Race: Protoss Protoss
  • League: Grandmaster

Event: 2016 WCS Winter Challenger Europe

VOD

Have the link to the VOD?

Description

Time

  • Played on: Feb. 13, 2016, 1 p.m.
  • Length: 15:49

All games in this series

Show
View Real Time Build Order
Export as new Build Order

Elazer Zerg 

Build Orders: Hatch First, Lurkers 

Get SALT Encoding   

  12  0:00  Drone  
  13  0:12  Overlord  
  13  0:17  Drone  
  14  0:30  Drone x2  
  14  0:34  Drone  
  17  0:52  Hatchery  
  17  0:55  Drone  
  17  1:15  Drone  
  17  1:16  Drone  
  17  1:18  Extractor  
  18  1:21  Spawning Pool  
  18  1:25  Drone  
  19  1:41  Overlord  
  19  1:43  Drone  
  20  1:49  Drone  
  21  2:06  Drone  
  22  2:08  Queen  
  22  2:09  Zergling x2  
  22  2:10  Queen  
  22  2:12  Drone  
  28  2:16  Drone  
  28  2:22  Drone  
  30  2:26  Drone  
  31  2:33  Overlord  
  31  2:37  Drone  
  31  2:42  Hatchery  
  31  2:44  Drone  
  31  2:45  Queen  
  31  2:51  Queen  
  34  2:52  Drone  
  34  2:57  Drone  
  34  2:58  Drone  
  39  3:04  Overlord  
  39  3:09  Drone  
  40  3:13  Extractor  
  40  3:14  Extractor  
  40  3:15  Drone  
  40  3:17  Drone  
  40  3:18  Drone  
  41  3:20  Drone x2  
  43  3:32  Overlord  
  43  3:33  Drone  
  44  3:39  Drone, Spore Crawler  
  44  3:41  Drone  
  45  3:55  Overlord, Drone  
  45  3:58  Drone x5  
  45  4:00  Drone x2  
  45  4:01  Lair  
  53  4:03  Drone x2  
  53  4:04  Drone  
  56  4:15  Drone  
  57  4:18  Spore Crawler  
  57  4:20  Queen  
  58  4:27  Overlord  
  58  4:28  Drone, Spore Crawler  
  58  4:29  Overlord  
  57  4:32  Drone  
  57  4:33  Drone, Spore Crawler  
  58  4:40  Drone, Evolution Chamber x2  
  58  4:41  Drone  
  58  4:46  Spore Crawler  
  58  4:48  Drone x3  
  58  4:49  Drone x6  
  66  4:56  Extractor  
  66  4:57  Overlord, Extractor  
  66  4:58  Drone  
  65  5:04  Drone, Hydralisk Den  
  65  5:05  Drone  
  65  5:06  Zerg Ground Armor Level 1, Zerg Melee Weapons Level 1  
  66  5:07  Drone  
  66  5:09  Drone x2, Extractor  
  66  5:10  Drone  
  66  5:14  Overlord  
  69  5:16  Drone  
  69  5:17  Drone x3, Extractor  
  72  5:24  Overlord  
  72  5:30  Overlord  
  72  5:33  Hydralisk x4  
  78  5:38  Overlord  
  78  5:40  Drone x2  
  78  5:41  Drone  
  81  5:44  Hydralisk x3  
  87  5:55  Muscular Augments  
  87  6:02  Hatchery  
  86  6:04  Drone x4  
  86  6:10  Drone  
  91  6:11  Infestation Pit  
  91  6:13  Hydralisk x4  
  98  6:20  Zergling x4  
  98  6:21  Overlord x2  
  100  6:31  Zergling x2  
  100  6:32  Zergling x12  
  105  6:36  Overlord  
  105  6:39  Zergling x2  
  106  6:43  Drone, Hydralisk  
  106  6:44  Hydralisk x3  
  115  6:50  Metabolic Boost  
  107  6:58  Hydralisk x6  
  110  7:04  Overlord  
  110  7:06  Queen  
  110  7:07  Zerg Melee Weapons Level 2  
  111  7:11  Zerg Ground Armor Level 2  
  111  7:17  Drone x5  
  114  7:23  Lurker Den  
  114  7:26  Drone x6  
  114  7:29  Drone x2  
  122  7:32  Queen  
  124  7:43  Spire  
  123  7:44  Hive  
  123  7:48  Drone x4  
  123  7:49  Spore Crawler  
  123  7:50  Extractor x2  
  124  7:57  Spore Crawler  
  124  7:58  Zergling x18  
  131  8:02  Drone  
  131  8:03  Infestor x2  
  137  8:11  Zergling x16  
  145  8:20  Overlord  
  145  8:25  Infestor  
  147  8:27  Overlord  
  147  8:28  Hydralisk x2  
  151  8:36  Overlord  
  151  8:39  Zergling x18  
  158  8:47  Queen  
  153  8:50  Drone  
  153  8:51  Drone x2  
  153  8:52  Drone x2  
  156  9:00  Corruptor x4  
  163  9:04  Lurker  
  163  9:05  Lurker x4  
  168  9:16  Overlord x2  
  162  9:24  Lurker  
  162  9:25  Lurker x2, Hydralisk x3  
  162  9:28  Zergling x10  
  162  9:30  Overlord  
  175  9:34  Greater Spire  
  175  9:41  Adrenal Glands  
  175  9:51  Zergling x26  
  180  10:04  Zerg Ground Armor Level 3, Zerg Melee Weapons Level 3  
  180  10:08  Zergling x4  
  180  10:09  Zergling x16  
  180  10:11  Hatchery  
  166  10:51  Corruptor x2  
  166  10:52  Corruptor  
  166  10:54  Brood Lord  
  166  10:55  Brood Lord x3  
  174  10:58  Lurker x3  
  174  10:59  Zergling x2  
  174  11:00  Zergling x18  
  187  11:09  Zergling x10  
  187  11:10  Zergling x10  
  196  11:16  Zerg Flyer Weapons Level 1  
  196  11:18  Lurker x2  
  191  11:19  Lurker  
  190  11:27  Corruptor x3  
  196  11:36  Zergling x20  
  183  11:55  Hydralisk x6  
  183  11:56  Hydralisk  
  183  12:01  Zergling x20  
  181  12:06  Corruptor x3  
  166  12:20  Corruptor x4  
  158  12:24  Zergling x2  
  158  12:25  Zergling x8  
  145  12:38  Corruptor x5  
  153  12:53  Corruptor x3  
  153  12:58  Zergling x26  
  172  13:14  Drone, Spore Crawler  
  172  13:15  Drone x3, Extractor x2  
  172  13:16  Drone x3  
  172  13:17  Hatchery, Zerg Flyer Weapons Level 2  
  175  13:20  Corruptor x2  
  175  13:25  Hatchery  
  175  13:26  Brood Lord  
  180  13:27  Brood Lord  
  180  13:29  Corruptor  
  184  13:41  Corruptor x2  
  184  13:44  Lurker, Zergling x2  
  184  13:45  Zergling x10  
  193  13:50  Corruptor  
  193  13:59  Zergling x4  
  193  14:00  Zergling x16  
  157  14:06  Zergling x6  
  139  14:12  Hydralisk x2  
  143  14:20  Hydralisk x4  
  151  14:29  Hydralisk x5  
  133  14:34  Hydralisk  
  133  14:38  Zergling x10  
  128  14:51  Zergling x2  
  128  14:52  Zergling x20  
  106  15:07  Brood Lord x2  
  101  15:18  Hydralisk x4  
  94  15:24  Zergling x6  
  80  15:29  Zergling x2  
  80  15:30  Zergling x4  
Show
View Real Time Build Order
Export as new Build Order

LiquidMaNa Protoss - Winner!

Build Orders: Nexus First, Phoenix Opening 

Get SALT Encoding   

  12  0:00  Probe (Chrono Boost)  
  13  0:11  Probe (Chrono Boost)  
  14  0:19  Pylon  
  14  0:22  Probe (Chrono Boost)  
  15  0:37  Probe (Chrono Boost)  
  16  0:48  Probe (Chrono Boost)  
  17  0:59  Nexus  
  17  1:12  Gateway  
  17  1:13  Probe (Chrono Boost)  
  18  1:19  Assimilator  
  18  1:24  Assimilator  
  18  1:26  Probe (Chrono Boost)  
  19  1:34  Pylon  
  19  1:37  Probe (Chrono Boost)  
  20  1:47  Probe (Chrono Boost)  
  21  1:58  Probe (Chrono Boost)  
  21  2:01  Cybernetics Core  
  22  2:08  Probe (Chrono Boost)  
  22  2:11  Probe (Chrono Boost)  
  24  2:19  Probe (Chrono Boost)  
  25  2:23  Probe (Chrono Boost)  
  25  2:26  Pylon  
  25  2:29  Probe (Chrono Boost)  
  27  2:33  Probe (Chrono Boost)  
  30  2:37  Adept (Chrono Boost), Warp Gate  
  30  2:40  Probe  
  30  2:42  Probe (Chrono Boost)  
  32  2:47  Stargate  
  32  2:52  Probe (Chrono Boost)  
  32  2:55  Probe (Chrono Boost)  
  34  3:01  Adept  
  34  3:03  Probe (Chrono Boost)  
  34  3:05  Probe (Chrono Boost)  
  38  3:10  Pylon  
  38  3:14  Mothership Core (Chrono Boost)  
  38  3:16  Probe (Chrono Boost)  
  41  3:26  Probe (Chrono Boost)  
  42  3:30  Phoenix (Chrono Boost)  
  42  3:31  Probe  
  45  3:37  Probe  
  46  3:41  Probe  
  46  3:45  Nexus  
  46  3:48  Pylon  
  47  3:52  Phoenix (Chrono Boost)  
  47  3:53  Probe  
  47  3:54  Probe  
  50  4:00  Pylon  
  51  4:05  Probe x2  
  53  4:12  Assimilator  
  53  4:14  Phoenix (Chrono Boost)  
  55  4:18  Probe  
  55  4:20  Probe  
  55  4:22  Twilight Council  
  56  4:28  Probe  
  57  4:32  Probe  
  57  4:34  Assimilator  
  57  4:36  Phoenix (Chrono Boost)  
  60  4:39  Gateway x2  
  60  4:40  Probe  
  60  4:44  Probe  
  62  4:48  Pylon  
  62  4:51  Probe  
  63  4:55  Probe, Phoenix (Chrono Boost)  
  63  4:56  Probe  
  67  5:00  Resonating Glaives (Chrono Boost)  
  67  5:03  Probe  
  68  5:07  Probe, Gateway  
  68  5:08  Probe  
  70  5:18  Gateway x2  
  70  5:19  Phoenix  
  70  5:25  Adept  
  74  5:32  Probe x2  
  76  5:38  Probe  
  76  5:39  Gateway  
  76  5:41  Phoenix  
  77  5:42  Gateway  
  77  5:44  Probe x2  
  81  5:52  Robotics Facility  
  81  5:53  Sentry x2  
  85  5:57  Adept  
  85  5:59  Pylon  
  85  6:01  Pylon  
  85  6:03  Adept, Assimilator  
  89  6:06  Probe x2  
  91  6:18  Adept x3  
  91  6:19  Pylon, Adept  
  91  6:21  Adept  
  101  6:34  Charge (Chrono Boost)  
  101  6:36  Assimilator  
  101  6:37  Probe  
  101  6:38  Probe x2  
  104  6:41  Observer  
  105  6:52  Probe  
  102  6:55  Probe  
  102  6:57  Probe  
  88  7:01  Zealot x4  
  88  7:02  Zealot x3  
  88  7:07  Probe x2, Warp Prism (Chrono Boost)  
  104  7:12  Templar Archives  
  104  7:15  Robotics Facility  
  102  7:25  Probe x2  
  102  7:27  Pylon  
  102  7:29  Forge  
  104  7:32  Adept  
  104  7:33  Adept x3  
  112  7:40  Immortal (Chrono Boost)  
  112  7:41  Psionic Storm  
  116  7:48  Zealot x4  
  124  8:00  Pylon  
  124  8:04  Protoss Ground Weapons Level 1 (Chrono Boost)  
  124  8:05  Pylon  
  124  8:08  Pylon  
  124  8:10  Pylon  
  124  8:14  Immortal  
  124  8:18  Immortal  
  132  8:26  High Templar x2  
  132  8:27  High Templar x2  
  138  8:32  Gateway  
  140  8:38  Zealot  
  140  8:39  Zealot x3  
  146  8:43  Nexus  
  146  8:44  Fleet Beacon  
  146  8:45  Pylon  
  146  8:46  Pylon  
  144  8:53  Immortal  
  142  8:58  Immortal  
  148  9:10  Assimilator  
  148  9:16  Assimilator  
  148  9:21  Stargate  
  148  9:22  Protoss Air Weapons Level 1  
  147  9:25  Stargate  
  147  9:30  Observer  
  145  9:32  High Templar x2  
  145  9:36  Archon  
  150  9:39  Photon Cannon  
  150  9:44  Photon Cannon  
  148  9:45  Adept  
  148  9:49  Tempest  
  144  10:01  High Templar x2  
  148  10:07  Photon Cannon  
  148  10:09  Photon Cannon  
  148  10:12  Photon Cannon, Tempest  
  152  10:18  Archon  
  152  10:19  Pylon x2, Tempest  
  152  10:20  Pylon  
  154  10:23  Zealot x2  
  154  10:24  Zealot  
  158  10:31  Zealot x2  
  158  10:33  Probe  
  158  10:34  Probe  
  158  10:35  Probe  
  150  10:45  Probe  
  150  10:46  Probe x2  
  150  10:47  Probe  
  154  10:58  Probe  
  154  10:59  Protoss Ground Weapons Level 2 (Chrono Boost)  
  155  11:08  High Templar x2  
  155  11:09  High Templar x2  
  155  11:10  Zealot  
  163  11:11  Zealot  
  163  11:19  Probe x2  
  163  11:25  Probe  
  164  11:26  Probe  
  166  11:35  Tempest  
  170  11:41  Zealot x3  
  128  11:57  Archon x2  
  128  11:59  Zealot x4  
  94  12:22  Zealot x4  
  93  12:28  Probe x2  
  89  12:33  Probe  
  88  12:41  Probe x2  
  88  12:47  High Templar x2  
  92  12:52  High Templar x2  
  96  12:59  High Templar x2  
  96  13:03  Probe  
  96  13:04  Probe  
  102  13:16  High Templar  
  104  13:20  Probe x2  
  104  13:21  High Templar x2  
  104  13:26  High Templar  
  112  13:29  Archon x2  
  112  13:33  Probe  
  112  13:34  Probe x2  
  115  13:40  High Templar x2  
  119  13:44  Archon  
  119  13:46  Assimilator  
  119  13:47  Probe x2  
  121  13:53  Zealot  
  95  14:12  High Templar  
  95  14:13  Zealot x4, High Templar  
  95  14:16  Archon  
  107  14:26  Archon  
  107  14:27  Archon x2  
  107  14:28  Warp Prism  
  98  14:36  Zealot x3  
  102  15:05  Zealot x4  
  102  15:06  Zealot x2  
  89  15:36  Zealot x6  
Tags
 
Add a new tag
Caveats
  • Supply blocks, unpowered buildings, or Contaminate may cause inaccurate times.
  • Supply counts are checked every 10 seconds.